 Dungeon Crawl Stone Soup version 0.30.0-10-gfe55d96785 (webtiles) character file.

Game seed: 13564925545343488301

14 qeuew the Shooter (level 2, -4/22 HPs)
             Began as a Demonspawn Hunter on May 15, 2023.
             Slain by an orc priest
             ... wielding a +1 hand axe of pain
              (6 damage)
             ... on level 2 of the Dungeon.
             The game lasted 00:00:49 (408 turns).

qeuew the Shooter (Demonspawn Hunter)                Turns: 408, Time: 00:00:49

Health: -4/22      AC:  3    Str: 11    XL:     2   Next: 27%
Magic:  2/2        EV: 14    Int: 10    God:
Gold:   16         SH:  0    Dex: 19    Spells: 1/1 levels left

rFire   . . .        g - +3 short sword of Zazxor {flame, Fly rC+ rN+ Dex+3}
rCold   + . .        (no shield)
rNeg    + . .        c - +0 leather armour
rPois   .            (no helmet)
rElec   .            (no cloak)
rCorr   .            (no gloves)
SInv    .            (no boots)
Will    .....        (no amulet)
Stlth   ++           (no ring)
HPRegen 0.23/turn    (no ring)
MPRegen 0.08/turn

%: no passive effects
@: mighty, flying
A: repulsion field 1
a: no special abilities


You were on level 2 of the Dungeon.
You visited 1 branch of the dungeon, and saw 3 of its levels.

You collected 16 gold pieces.

Inventory:

Hand Weapons
 a - a +0 shortbow
 g - the +3 short sword of Zazxor (weapon) {flame, Fly rC+ rN+ Dex+3}
   (You found it on level 2 of the Dungeon)

   Dex:       It affects your dexterity (+3).
   rC:        It protects you from cold.
   rN:        It protects you from negative energy.
   Fly:       It grants you flight.
Armour
 c - a +0 leather armour (worn)
Scrolls
 b - a scroll of immolation
 e - a scroll of fog {unknown}
 f - a scroll of identify {unknown}
 h - a scroll of amnesia {unknown}


   Skills:
 + Level 2.2 Fighting
 + Level 0.1 Short Blades
 * Level 3.8 Ranged Weapons
 + Level 2.0 Dodging
 + Level 1.2 Stealth


You had one spell level left.
You didn't know any spells.
Your spell library contained the following spells:

 Spells                   Type           Power      Damage    Failure   Level
 Static Discharge         Conj/Air       0%         2-2/arc   58%         2
 Airstrike                Air            0%         2d(0-16)  99%         4
 Summon Lightning Spire   Summ/Air       0%         N/A       99%         4
 Storm Form               Tmut/Air       0%         N/A       100%        7
 Maxwell's Capacitive Co  Air            0%         ∞         100%        8


Dungeon Overview and Level Annotations

Branches:
Dungeon (3/15)

Altars:


Innate Abilities, Weirdness & Mutations

You are surrounded by a mild repulsion field. (EV +2)


Message History

Unknown command.
You completely miss the orc.
The orc is severely wounded.
The orc hits you with a +0 club. The orc misses you.
Unknown command.
You closely miss the orc.
The orc is severely wounded.
Unknown command.
You hit the orc priest. You burn the orc priest.
The orc priest is moderately wounded.
The orc closely misses you. The orc barely misses you.
The orc priest calls down the wrath of Beogh upon you.
Pain shoots through your body!
Unknown command.
You barely miss the orc priest.
The orc priest is moderately wounded.
The orc hits you but does no damage. The orc hits you with a +0 flail.
The orc priest calls upon Beogh to heal the orc.
The orc is healed somewhat.
The orc hits you but does no damage.
Unknown command.
You hit the orc priest. You burn the orc priest.
The orc priest is heavily wounded.
The orc barely misses you. The orc closely misses you.
The orc priest calls upon Beogh to heal the orc.
The orc's wounds heal themselves!
The orc hits you with a +0 whip.
* * * LOW HITPOINT WARNING * * *
Unknown command.
It was a potion of might.
You feel very mighty all of a sudden. The orc misses you.
The orc hits you with a +0 flail.
* * * LOW HITPOINT WARNING * * *
The orc priest closely misses you. The orc hits you with a +0 whip.
* * * LOW HITPOINT WARNING * * *
Unknown command.
Okay, then.
You closely miss the orc priest.
The orc priest is heavily wounded.
The orc completely misses you. The orc closely misses you.
The orc priest hits you with a +1 hand axe of pain.
You die...

.... ........# ....
........## [ ....
.........## ..
).........##... ##
............... . ##.
.......o....... ...###..
......ooo...... ........
#########@o...... ........
..........#########.......
.)................#####.#.
##..........#####.####....
#..........#####.##...#..
#..........#...#....#....
#.........†'.#.#>...###.#
#..........###..###.....#
#..........#...†..##.#.##


You could see an orc priest and 4 orcs.

Vanquished Creatures
  An orc (D:2)
  A ball python (D:2)
  3 bats (D:2)
  An endoplasm (D:2)
  A goblin (D:2)
  A hobgoblin (D:1)
  A quokka (D:1)
  A frilled lizard (D:2)
  A rat (D:2)
11 creatures vanquished.

Notes
Turn   | Place    | Note
-------+----------+-------------------------------------------
     0 | D:1      | qeuew the Demonspawn Hunter began the quest for the Orb.
     0 | D:1      | Reached XP level 1. HP: 16/16 MP: 1/1
   177 | D:1      | Found a faded altar of an unknown god.
   201 | D:1      | Reached skill level 1 in Stealth
   201 | D:1      | You fall into a shaft and drop 1 floor!
   234 | D:2      | Identified the +3 short sword of Zazxor {flame, Fly rC+ rN+
                  | Dex+3}
   348 | D:2      | Gained mutation: You are surrounded by a mild repulsion
                  | field. (EV +2) [demonic ancestry]
   348 | D:2      | Reached XP level 2. HP: 20/22 MP: 2/2
   408 | D:2      | Slain by an orc priest

Illustrated notes

Levels and vault maps discovered:
D:1:      dpeg_arrival_tiny_a, layout_loops_corners, serial_shops,
          nicolae_shop_pleasant_corner_grove,
          chequers_ecumenical_altar_simple_redux, chequers_serial_rivers_room_b,
          minmay_misc_feat_room
D:2:      cheibrodos_pilgrimage, layout_basic, minmay_tree_intersection
D:3:      layout_loops_ring

Skill      XL: |  1  2 |
---------------+-------+-----
Stealth        | 1 |  1.2
Dodging        | 2 |  2.0
Fighting       | |  2.2
Short Blades   | |  0.1
Ranged Weapons | |  3.8

Action                     || total
---------------------------++-------
  Melee: Short sword       ||     7
   Fire: Shortbow          ||    42
    Use: Potion            ||     1
 Armour: Leather armour    ||    15
  Dodge: Dodged            ||    38
